 Dungeon Crawl Stone Soup version 0.22.1-1-ga44c0e56f4 (webtiles) character file.

5553 Riddle the Fighter (level 10, 0/83 HPs)
             Began as a Demonspawn Monk on Oct 2, 2018.
             Slain by Snorg (14 damage)
             ... on level 10 of the Dungeon.
             The game lasted 00:36:27 (13948 turns).

Riddle the Fighter (Demonspawn Monk)               Turns: 13948, Time: 00:36:27

Health: 0/83       AC: 31    Str: 15    XL:     10   Next: 44%
Magic:  12/12      EV: 10    Int: 16    God:
Gold:   83         SH:  0    Dex: 15    Spells: 9/9 levels left

rFire    + . .     SeeInvis .     - Unarmed
rCold    . . .     Gourm    .   (no shield)
rNeg     . . .     Faith    .   C - +13 plate armour of Card Tricks {rF+ Int+2}
rPois    +         Spirit   .   t - +1 helmet
rElec    .         Reflect  .   d - +0 cloak
rCorr    .         Harm     .   (no gloves)
MR       .....                  F - +1 pair of boots
Stlth    ..........             y - amulet of rage
HPRegen  0.23/turn              x - ring of poison resistance
MPRegen  0.13/turn              m - +2 ring of intelligence

@: berserk cooldown, hasted and slowed
A: hooves 2, repulsion field 2, demonic guardian 1, powered by pain 3
a: Evoke Berserk Rage


You were on level 10 of the Dungeon.
You were near starving.

You visited 2 branches of the dungeon, and saw 11 of its levels.

You collected 468 gold pieces.
You spent 385 gold pieces at shops.

Inventory:

Armour
 d - a +0 cloak (worn)
 t - a +1 helmet (worn)
 C - the +13 plate armour of Card Tricks (worn) {rF+ Int+2}
   (You found it on level 8 of the Dungeon)

   It affects your intelligence (+2).
   It protects you from fire.
 F - a +1 pair of boots (worn)
Jewellery
 m - a +2 ring of intelligence (right hand)
 x - a ring of poison resistance (left hand)
 y - an amulet of rage (around neck)
Wands
 l - a wand of disintegration (20)
 u - a wand of polymorph (19)
 v - a wand of acid (11)
Scrolls
 a - a scroll of fear
 c - 2 scrolls of enchant armour
 e - 2 scrolls of fog
 h - 2 scrolls of remove curse
 i - 5 scrolls of amnesia
 A - a scroll of vulnerability {unknown}
 D - 2 scrolls of identify
 G - a scroll of noise {unknown}
Potions
 f - a potion of cancellation {unknown}
 g - 3 potions of heal wounds {unknown}
 j - 3 potions of curing
 n - a potion of ambrosia {unknown}
 p - a potion of lignification {unknown}
 q - 2 potions of brilliance {unknown}
 r - a potion of berserk rage
 s - a potion of magic {unknown}
 w - 2 potions of resistance {unknown}
 z - 2 potions of mutation
 B - 2 potions of flight
Comestibles
 b - 10 rations


   Skills:
 + Level 9.3 Fighting
 + Level 5.5 Armour
 - Level 6.1 Dodging
 - Level 3.0 Stealth
 + Level 8.5 Unarmed Combat
 + Level 3.1 Evocations


You had 9 spell levels left.
You didn't know any spells.
Your spell library contained the following spells:

 Spells                   Type           Power        Failure   Level  Hunger
 Animate Skeleton         Necr           N/A          100%        1    ##.....
 Apportation              Tloc           #.....       100%        1    ##.....
 Confusing Touch          Hex            #.....       100%        1    ##.....
 Summon Small Mammal      Summ           #...         100%        1    ##.....
 Call Imp                 Summ           #.......     100%        2    ###....
 Call Canine Familiar     Summ           #.......     100%        3    ####...
 Summon Guardian Golem    Hex/Summ       #.......     100%        3    ####...
 Summon Ice Beast         Ice/Summ       #.......     100%        4    #####..
 Summon Lightning Spire   Summ/Air       #.......     100%        4    #####..


Dungeon Overview and Level Annotations

Branches:
Dungeon (10/15)            Temple (1/1) D:7
   Lair: D:8-11         Orc: D:9-12

Altars:
Ashenzari
Cheibriados
Dithmenos
Elyvilon
Fedhas
Gozag
Hepliaklqana
Kikubaaqudgha
Makhleb
Nemelex Xobeh
Okawaru
Qazlal
Ru
Sif Muna
Trog
Uskayaw
Vehumet
Wu Jian
Xom
Yredelemnul
Zin
The Shining One

Shops:
D:9 !

Annotations:
D:5 2 transporters
D:10 Snorg


Innate Abilities, Weirdness & Mutations

You have hoof-like feet.
You are surrounded by a moderate repulsion field. (EV +3)
A weak demonic guardian rushes to your aid.
You are powered by pain.


Message History

You feel yourself speed up. Snorg bites you but does no damage.
Snorg barely misses you. x2; The worker ant closely misses you.
Snorg bites
* * * LOW HITPOINT WARNING * * *
Snorg claws you.
* * * LOW HITPOINT WARNING * * *
Snorg barely misses you.
The worker ant bites you but does no damage.
You feel better. Snorg bites you.
* * * LOW HITPOINT WARNING * * *
Snorg barely misses you. Snorg claws you!
* * * LOW HITPOINT WARNING * * *
The worker ant bites you but does no damage.
Snorg bites you but does no damage. Snorg completely misses you. x2
Unknown command.
You feel better. The worker ant closely misses you.
Snorg bites you but does no damage. Snorg claws you but does no damage. x2
Your white imp hits the worker ant.
Your white imp freezes the worker ant.
You feel better. Snorg bites you but does no damage.
Snorg claws you but does no damage. Snorg claws you!
You die...

##..# ##.##
####### #..#
##.....##
##.###.......#
#..#........##/
#..............
##.#.5§§§§......
#..#.§a§§§.....#
#..#..§§@§§....#
#..##..§§T§§...##
#.# #..§§§§§..##
.. ##......###
##...### #####


You could see Snorg (berserk), a worker ant and a friendly white imp.

Vanquished Creatures
  A troll (D:9)
  A vampire (D:9)
  3 orc warriors
  An ice beast (D:8)
  The ghost of btonasse the Bolt Thrower, an amateur DDHu (D:3)
  3 black bears
  2 ogres
  A sky beast (D:6)
  A phantom (D:8)
  3 centaurs
  A crocodile (D:9)
  5 big kobolds
  7 bullfrogs
  3 scorpions
  16 killer bees
  5 crimson imps
  3 centaur zombies
  A quasit (D:9)
  5 hounds
  8 orc priests
  2 jellies
  6 orc wizards
  A bullfrog skeleton (D:5)
  Jessica (D:2)
  A centaur skeleton (D:6)
  4 iguanas
  13 worker ants
  A worker ant zombie (D:8)
  Robin (D:2)
  20 adders
  6 gnolls
  3 shadow imps
  2 oozes
  An adder skeleton (D:5)
  An adder zombie (D:4)
  3 worms
  3 dart slugs
  7 leopard geckos
  15 orcs
  4 giant cockroaches
  10 goblins
  8 hobgoblins
  17 jackals
  24 kobolds
  6 quokkas
  6 ball pythons (D:3)
  7 bats
  9 frilled lizards
  10 rats
263 creatures vanquished.

Vanquished Creatures (collateral kills)
  A moth of wrath (shapeshifter) (D:8)
  A crocodile (D:7)
  A centaur (D:8)
  2 killer bees (D:9)
  3 crimson imps
  A bullfrog zombie (D:8)
  A bullfrog skeleton (D:8)
  2 hounds
  An orc priest (D:3)
  A worker ant (D:8)
  A hound zombie (D:9)
  A worker ant zombie (D:8)
  A gnoll (D:4)
  An ooze (D:3)
  An orc (D:8)
  A jackal (D:6)
  A kobold (D:7)
21 creatures vanquished.

Grand Total: 284 creatures vanquished

Notes
Turn   | Place    | Note
-------+----------+-------------------------------------------
     0 | D:1      | Riddle the Demonspawn Monk began the quest for the Orb.
     0 | D:1      | Reached XP level 1. HP: 18/18 MP: 1/1
   544 | D:1      | Gained mutation: You have large cloven feet. [demonic
                  | ancestry]
   544 | D:1      | Reached XP level 2. HP: 24/24 MP: 2/2
   780 | D:1      | Found a shattered altar of Ashenzari.
  1207 | D:2      | Gained mutation: You have hoof-like feet. [demonic
                  | ancestry]
  1207 | D:2      | Reached XP level 3. HP: 24/29 MP: 3/3
  1671 | D:2      | Found an opulent altar of Gozag.
  1807 | D:2      | Reached XP level 4. HP: 33/35 MP: 4/4
  1979 | D:2      | Found a deep blue altar of Sif Muna.
  2028 | D:2      | Noticed Jessica
  2034 | D:2      | Killed Jessica
  2392 | D:3      | Noticed Robin
  2604 | D:2      | Killed Robin
  2604 | D:2      | Gained mutation: A weak demonic guardian rushes to your
                  | aid. [demonic ancestry]
  2604 | D:2      | Reached XP level 5. HP: 32/42 MP: 5/5
  3005 | D:3      | HP: 2/42 [orc priest/divine providence (12)]
  3026 | D:3      | Reached skill level 4 in Fighting
  3543 | D:3      | Found a runed door.
  3574 | D:3      | Noticed btonasse's ghost (amateur DDHu)
  3596 | D:3      | Killed btonasse's ghost
  3596 | D:3      | Gained mutation: You sometimes gain a little power by
                  | taking damage. [demonic ancestry]
  3596 | D:3      | Reached XP level 6. HP: 19/49 MP: 6/6
  4486 | D:4      | Found a burning altar of Makhleb.
  4823 | D:4      | Reached skill level 5 in Fighting
  4823 | D:4      | Gained mutation: You sometimes gain power by taking damage.
                  | [demonic ancestry]
  4823 | D:4      | Reached XP level 7. HP: 30/56 MP: 7/7
  6183 | D:5      | Entered Level 5 of the Dungeon
  6266 | D:5      | Reached skill level 5 in Dodging
  6266 | D:5      | Reached skill level 5 in Unarmed Combat
  6282 | D:5      | Found a hide-covered altar of Uskayaw.
  6282 | D:5      | Found an ancient bone altar of Kikubaaqudgha.
  6558 | D:5      | Found a transporter.
  6879 | D:5      | Found a transporter.
  6901 | D:5      | Gained mutation: You are surrounded by a mild repulsion
                  | field. (EV +2) [demonic ancestry]
  6901 | D:5      | Reached XP level 8. HP: 49/64 MP: 8/8
  6911 | D:5      | Reached skill level 6 in Fighting
  6921 | D:5      | Found an ornate altar of the Wu Jian Council.
  8010 | D:6      | Found a sparkling altar of Nemelex Xobeh.
  8464 | D:7      | Found a staircase to the Ecumenical Temple.
  8497 | D:7      | Found a sacrificial altar of Ru.
  8590 | Temple   | Entered the Ecumenical Temple
  8803 | D:7      | Reached skill level 7 in Fighting
  8803 | D:7      | Reached skill level 1 in Armour
  8814 | D:7      | HP: 2/67 [orc warrior/long sword (10)]
  9148 | D:7      | You fall through a shaft!
  9482 | D:7      | Gained mutation: You are powered by pain. [demonic
                  | ancestry]
  9482 | D:7      | Reached XP level 9. HP: 68/72 MP: 9/9
 10050 | D:8      | Found a snail-covered altar of Cheibriados.
 10822 | D:8      | Reached skill level 8 in Fighting
 11150 | D:8      | Noticed a jumping spider
 11173 | D:8      | a jumping spider changed into something unseen
 11180 | D:8      | Noticed a polar bear
 11184 | D:8      | Noticed a guardian serpent
 11184 | D:8      | a polar bear changed into a guardian serpent
 11192 | D:8      | Noticed a meliai
 11192 | D:8      | a guardian serpent changed into a meliai
 11197 | D:8      | a meliai changed into a tarantella
 11354 | D:8      | Found a bloodstained altar of Trog.
 11481 | D:8      | Got a faintly glowing plate armour
 11486 | D:8      | Identified the +13 plate armour of Card Tricks {rF+ Int+2}
                  | (You found it on level 8 of the Dungeon)
 11760 | D:8      | Noticed a moth of wrath
 11783 | D:8      | Killed a moth of wrath
 11783 | D:8      | Gained mutation: You are surrounded by a moderate repulsion
                  | field. (EV +3) [demonic ancestry]
 11783 | D:8      | Reached XP level 10. HP: 78/82 MP: 10/10
 11827 | D:8      | Reached skill level 1 in Evocations
 11942 | D:9      | Found Ylad's Distillery.
 11960 | D:9      | Reached skill level 5 in Armour
 11963 | D:9      | Reached skill level 9 in Fighting
 12006 | D:9      | Bought a potion of degeneration for 11 gold pieces
 12009 | D:9      | Bought a potion of flight for 33 gold pieces
 12009 | D:9      | Bought a potion of berserk rage for 55 gold pieces
 12009 | D:9      | Bought 2 potions of mutation for 176 gold pieces
 12009 | D:9      | Bought a potion of haste for 110 gold pieces
 12822 | D:8      | Found a hazy altar of Hepliaklqana.
 13256 | D:9      | Got an encrusted scale mail
 13344 | D:9      | Identified the +2 scale mail "Nonuuff" {MP+9 Dex+5} (You
                  | found it on level 9 of the Dungeon)
 13578 | D:10     | Entered Level 10 of the Dungeon
 13613 | D:10     | Noticed Snorg
 13945 | D:10     | HP: 3/83 [Snorg (4)]
 13946 | D:10     | HP: 1/83 [Snorg (7)]
 13948 | D:10     | Slain by Snorg

Skill      XL: |  1  2  3  4  5  6  7  8  9 10 |
---------------+-------------------------------+-----
Stealth        | 2 3 |  3.0
Dodging        | 3 4 5 6 |  6.1
Unarmed Combat | 3 4 5 6 8 |  8.5
Fighting       | 4 5 7 8 9 |  9.3
Armour         | 2 4 5 |  5.5
Evocations     | 3 |  3.1

Action                   |  1- 3 |  4- 6 |  7- 9 | 10-12 || total
-------------------------+-------+-------+-------+-------++-------
Melee: Unarmed           |   153 |   274 |   673 |   218 ||  1318
       Kick              |    31 |    53 |    72 |    48 ||   204
       Punch             |     2 |     3 |    12 |     6 ||    23
 Abil: Evoke Berserk Rag |       |       |     2 |     3 ||     5
Evoke: Wand              |       |       |       |     2 ||     2
  Use: Scroll            |       |       |    12 |     4 ||    16
       Potion            |       |       |     2 |     5 ||     7
 Stab: Sleeping          |     2 |     7 |     6 |       ||    15
       Distracted        |       |       |     6 |     3 ||     9
  Eat: Chunk             |     3 |    10 |    18 |     4 ||    35
       Ration            |       |       |     2 |     1 ||     3
Armor: Leather armour    |    34 |    55 |    60 |       ||   149
       Robe              |     1 |       |       |       ||     1
       Chain mail        |       |       |   164 |       ||   164
       Plate armour      |       |       |    35 |   223 ||   258
Dodge: Dodged            |   111 |   172 |   445 |   189 ||   917
